 Dungeon Crawl Stone Soup version 0.17.1-3-g152610e (webtiles) character file.

68401 KrozogBurug the Destroyer (level 15, 0/149 HPs)
             Began as an Ogre Wizard on Mar 2, 2016.
             Was the Champion of Sif Muna.
             Shot with an arrow by something (10 damage)
             ... on level 1 of the Elven Halls.
             The game lasted 03:13:15 (38489 turns).

KrozogBurug the Destroyer (Ogre Wizard)            Turns: 38489, Time: 03:13:15

Health: 0/149      AC: 11    Str: 16    XL:     15   Next: 26%
Magic:  13/29      EV: 11    Int: 25    God:    Sif Muna [******]
Gold:   2601       SH:  0    Dex:  8    Spells: 8 memorised, 1 level left

rFire  + . .     SeeInvis .     L - +2 demon trident (elec)
rCold  + . .     Clarity  .     s - +5 robe of vines {NoDeviceHeal Regen+10}
rNeg   . . .     SustAt   .     (no shield)
rPois  .         Gourm    .     (helmet restricted)
rElec  .         Spirit   .     x - +2 cloak {MR+}
rCorr  .         Warding  .     (gloves unavailable)
rMut   .         Stasis   .     (boots unavailable)
MR     ++...                    k - amulet of faith
Stlth  +.........               C - +3 ring of intelligence
                                P - ring of protection from cold

@: drained, very resistant to hostile enchantments, very unstealthy
A: unfitting armour, fire resistance 1, spit poison 1, tough skin 1, evolution
1, no device heal 1
a: Spit Poison, Channel Energy, Forget Spell, Renounce Religion


You were on level 1 of the Elven Halls.
You worshipped Sif Muna.
Sif Muna was exalted by your worship.
You were not hungry.

You visited 5 branches of the dungeon, and saw 26 of its levels.
You also visited: Labyrinth, Ice Cave and Volcano.

You collected 2818 gold pieces.
You spent 217 gold pieces at shops.

Inventory:

Hand Weapons
 z - a +0 giant spiked club
 L - a +2 demon trident of electrocution (weapon)
 R - a +0 giant spiked club of freezing
Missiles
 u - a throwing net (quivered)
 G - 39 large rocks
Armour
 s - the +5 robe of vines (worn) {NoDeviceHeal Regen+10}
   (You found it in a labyrinth)

   It increases your rate of regeneration.
 x - a +2 cloak of magic resistance (worn)
Jewellery
 k - an amulet of faith (around neck)
 C - a +3 ring of intelligence (right hand)
 E - an uncursed amulet of rage {unknown}
 P - a ring of protection from cold (left hand)
Wands
 w - a wand of teleportation (0)
 D - a wand of invisibility (4)
 W - a wand of teleportation (3)
 Z - a wand of digging (0)
Scrolls
 e - 8 scrolls of remove curse
 f - 5 scrolls of blinking
 h - a scroll of enchant weapon
 j - 8 scrolls of recharging
 l - a scroll of magic mapping
 p - 6 scrolls of immolation
 t - a scroll of enchant armour
 y - 2 scrolls of fear
 A - 2 scrolls of holy word
 N - 6 scrolls of teleportation
 V - a scroll of summoning
Potions
 b - 15 potions of curing
 g - 4 potions of brilliance
 i - a potion of agility
 q - a potion of heal wounds
 B - a potion of cure mutation
 I - 4 potions of berserk rage
 J - 4 potions of resistance
 O - a potion of ambrosia
Books
 a - a book of Minor Magic

   Spells                             Type                      Level
   a - Magic Dart                     Conjuration                  1
   b - Blink                          Translocation                2
   c - Call Imp                       Summoning                    2
   d - Repel Missiles                 Charms/Air                   2
   e - Slow                           Hexes                        2
   f - Conjure Flame                  Conjuration/Fire             3
   g - Mephitic Cloud                 Conjuration/Poison/Air       3
 o - a book of Enchantments

   Spells                             Type                      Level
   a - Cause Fear                     Hexes                        4
   b - Silence                        Hexes/Air                    5
   c - Deflect Missiles               Charms/Air                   6
   d - Haste                          Charms                       6
   e - Discord                        Hexes                        8
 r - a book of Power

   Spells                             Type                      Level
   a - Fulminant Prism                Conjuration/Hexes            4
   b - Iskenderun's Mystic Blast      Conjuration                  4
   c - Venom Bolt                     Conjuration/Poison           5
   d - Bolt of Magma                  Conjuration/Fire/Earth       5
   e - Iron Shot                      Conjuration/Earth            6
   f - Orb of Destruction             Conjuration                  7
   g - Spellforged Servitor           Conjuration/Summoning        7
 F - a book of Debilitation

   Spells                             Type                      Level
   a - Corona                         Hexes                        1
   b - Slow                           Hexes                        2
   c - Gell's Gravitas                Hexes/Translocation          3
   d - Inner Flame                    Hexes/Fire                   3
   e - Cause Fear                     Hexes                        4
   f - Leda's Liquefaction            Hexes/Earth                  4
 K - Sif Muna's Papyrus of Freezing Confrontation
   (Sif Muna gifted it to you on level 7 of the Lair of Beasts)

   Spells                             Type                      Level
   a - Throw Frost                    Conjuration/Ice              2
   b - Searing Ray                    Conjuration                  2
   c - Force Lance                    Conjuration/Translocation    4
   d - Iskenderun's Mystic Blast      Conjuration                  4
   e - Simulacrum                     Ice/Necromancy               6
 M - Cocsice's Collected Works on Combat Magic
   (Sif Muna gifted it to you on level 4 of the Orcish Mines)

   Spells                             Type                      Level
   a - Throw Flame                    Conjuration/Fire             2
   b - Iron Shot                      Conjuration/Earth            6
   c - Conjure Ball Lightning         Conjuration/Air              6
   d - Poison Arrow                   Conjuration/Poison           6
 Q - Sif Muna's Collected Works on Attacks
   (Sif Muna gifted it to you on level 11 of the Dungeon)

   Spells                             Type                      Level
   a - Flame Tongue                   Conjuration/Fire             1
   b - Stone Arrow                    Conjuration/Earth            3
   c - Static Discharge               Conjuration/Air              3
   d - Iron Shot                      Conjuration/Earth            6
   e - Delayed Fireball               Conjuration/Fire             7
 S - Iskenderun's Almanac of Arcane Weapons and Flames
   (You found it in a labyrinth)

   Spells                             Type                      Level
   a - Flame Tongue                   Conjuration/Fire             1
   b - Conjure Flame                  Conjuration/Fire             3
   c - Delayed Fireball               Conjuration/Fire             7
 T - a book of Conjurations

   Spells                             Type                      Level
   a - Magic Dart                     Conjuration                  1
   b - Searing Ray                    Conjuration                  2
   c - Dazzling Spray                 Conjuration/Hexes            3
   d - Fulminant Prism                Conjuration/Hexes            4
   e - Iskenderun's Mystic Blast      Conjuration                  4
   f - Iskenderun's Battlesphere      Conjuration/Charms           5
 U - Sif Muna's Disquisition on Creative Boosts
   (Sif Muna gifted it to you on level 8 of the Lair of Beasts)

   Spells                             Type                      Level
   a - Infusion                       Charms                       1
   b - Summon Butterflies             Summoning                    1
   c - Repel Missiles                 Charms/Air                   2
   d - Call Canine Familiar           Summoning                    3
   e - Summon Demon                   Summoning                    5
   f - Ring of Flames                 Charms/Fire                  7
 X - a book of Dreams

   Spells                             Type                      Level
   a - Ensorcelled Hibernation        Hexes/Ice                    2
   b - Phase Shift                    Translocation                5
   c - Shadow Creatures               Summoning                    5
   d - Silence                        Hexes/Air                    5
   e - Darkness                       Hexes                        6
   f - Mass Confusion                 Hexes                        6
 Y - the Guide on Bewitchment
   (You found it in a labyrinth)

   Spells                             Type                      Level
   a - Corona                         Hexes                        1
   b - Confusing Touch                Hexes                        2
   c - Inner Flame                    Hexes/Fire                   3
   d - Spectral Weapon                Hexes/Charms                 3
   e - Silence                        Hexes/Air                    5
   f - Metabolic Englaciation         Hexes/Ice                    5
Comestibles
 c - 14 beef jerkies
 d - 9 bread rations
 m - 11 meat rations
 n - 4 fruits
 v - 2 royal jellies
 H - 2 chunks of flesh


   Skills:
 - Level 10.0(9.0) Fighting
 - Level 10.0(8.9) Maces & Flails
 + Level 6.5(5.5) Dodging
 - Level 1.5(0.7) Stealth
 - Level 10.0(8.9) Spellcasting
 - Level 12.3(11.2) Conjurations
 - Level 5.0(4.0) Charms
   Level 0.6(0.0) Summonings
 - Level 0.6(0.0) Translocations
 * Level 10.5(9.5) Fire Magic


You had one spell level left.
You knew the following spells:

 Your Spells              Type           Power        Failure   Level  Hunger
a - Iskenderun's Mystic   Conj           ######..     1%          4    ##.....
b - Blink                 Tloc           N/A          10%         2    None
c - Conjure Ball Lightni  Conj/Air       #####.....   87%         6    ######.
d - Conjure Flame         Conj/Fire      ######..     1%          3    None
e - Repel Missiles        Chrm/Air       ###...       4%          2    None
f - Haste                 Chrm           ####....     99%         6    ######.
g - Delayed Fireball      Conj/Fire      N/A          71%         7    #######
i - Inner Flame           Hex/Fire       #####...     1%          3    None


Dungeon Overview and Level Annotations

Branches:
Dungeon (12/15)            Temple (1/1) D:7            Lair (8/8) D:9
  Swamp (0/4) Lair:3       Spider (0/4) Lair:3        Slime (0/6) Lair:6
    Orc (4/4) D:10            Elf (1/3) Orc:3

Altars:
Ashenzari
Cheibriados
Dithmenos
Elyvilon
Fedhas
Gozag
Kikubaaqudgha
Makhleb
Nemelex Xobeh
Okawaru
Qazlal
Ru
Sif Muna
Trog
Vehumet
Xom
Yredelemnul
Zin
The Shining One

Shops:
Orc:2 !   Orc:4 [*(=

Annotations:
D:10 Name63's ghost, journeyman GrWz


Innate Abilities, Weirdness & Mutations

You are too large for most types of armour.
You have tough skin (AC +1).
Your flesh is heat resistant.
You can spit weak poison.
You evolve.
Potions and wands are less effective at restoring your health.


Message History

You feel sick.
You feel sick.
The deep elf priest shoots an arrow.
The arrow barely misses you.
The deep elf knight casts a spell at you.
The shard of ice hits you! You partially resist.
* * * LOW HITPOINT WARNING * * *
You see here an arrow.
You feel sick.
The deep elf knight gestures at you while chanting.
The shard of ice misses you.
A poisoned arrow appears from out of thin air!
The poisoned arrow hits you!!
* * * LOW HITPOINT WARNING * * *
x2 You see here a poisoned arrow.
Drink which item? (? for menu, Esc to quit)
You feel better.
The deep elf knight gestures at you while chanting.
The shard of ice misses you.
An arrow appears from out of thin air!
The arrow hits you!
You die...

****,*****,,,,,,,,, ######### *,*
**,,,,**,* **####.......# *.#
****,,****,* ,*.....##'##.# *.#
*,,,,,,,**,* ,,,...,#..)#.## *.#
*,**,,,,,,,* ,,,....+.<.'..#
*.###.#*,**,,,,, ,,,,...#...#..#
##....,**,,,,,,,*
,,,,...##+##..######********,****
,,**##..........@.#* *,,,* ,**
##.###.#.###(## *,,,* **
#.......# #..## *,,,* * ****
######.#####.e.## *,,,*** ,,,*
#.......###..(..### *,,,**, **,*
#.............(...####.,,**,
,*,**#.......#.....((..e..{.,,,,,
,+,,*#........#.............,,,,,
,*,,*#......................,,,,,


You could see a deep elf knight and a deep elf priest.

Vanquished Creatures
  A stone giant (Orc:4)
  The ghost of Tynka the Fighter, a journeyman OgAK of Lugonu (Volcano)
  3 ettins
  A minotaur (Lab)
  Fannar (D:10)
  4 hydras
  Erica (D:8)
  3 catoblepae (Lair:8)
  12 death yaks (Lair:8)
  The ghost of PentaManta the Transmogrifier, a novice MfTm of Okawaru (Lair:1)
  An ice devil (IceCv)
  A deep elf summoner (Elf:1)
  3 hill giants
  An unseen horror (D:11)
  An orc knight (Orc:2)
  A wolf spider (Lair:3)
  2 oklob plants
  The ghost of Grim the Cruncher, a novice MiGl (D:5)
  4 griffons
  6 elephants (Lair:7)
  8 cyclopes
  4 black mambas
  4 ice statues (IceCv)
  5 spiny frogs
  7 komodo dragons
  6 fire drakes
  An efreet (Volcano)
  3 polar bears
  3 trolls
  2 slime creatures (Lair:6)
  Prince Ribbit (Lair:1)
  A jumping spider (Lair:3)
  A two-headed ogre (D:10)
  5 blue devils (IceCv)
  3 wyverns
  47 yaks
  2 basilisks
  12 blink frogs
  Eustachio (D:4)
  5 hippogriffs
  2 vampire mosquitoes (D:12)
  2 wargs
  2 wraiths
  A deep elf mage (D:9)
  8 wolves
  2 hungry ghosts
  2 fire elementals (Volcano)
  A soldier ant (D:10)
  8 porcupines
  9 water moccasins
  3 necrophages
  2 sky beasts
  2 black bears (Lair:1)
  2 eyes of draining
  13 ogres
  15 orc warriors
  A phantom (D:9)
  The ghost of subsebi the Cudgeler, an amateur DsCK of Xom (D:3)
  3 centaurs
  3 ice beasts
  10 crocodiles
  3 big kobolds
  2 wyvern zombies
  22 giant frogs
  A water moccasin zombie (D:9)
  2 gnoll sergeants
  6 scorpions
  The ghost of Sarmenti the Charmwright, a weakling NaSk (D:4)
  4 killer bees (D:10)
  19 wights
  3 electric eels
  A giant frog zombie (D:5)
  9 crimson imps
  A quasit (D:7)
  A draconian simulacrum (IceCv)
  A centaur skeleton (D:6)
  A giant frog skeleton (D:6)
  A gnoll shaman (D:9)
  6 iguanas
  3 jellies
  10 hounds
  20 orc priests
  10 worker ants
  A centaur zombie (D:9)
  30 orc wizards
  Natasha (thrice) (D:3)
  2 spriggan simulacra (IceCv)
  3 troll simulacra (IceCv)
  28 sheep
  2 centaur simulacra (IceCv)
  A hound skeleton (D:11)
  A worker ant zombie (D:5)
  45 river rats
  18 adders
  21 gnolls
  An ogre simulacrum (IceCv)
  A naga simulacrum (IceCv)
  2 shadow imps
  3 oozes (D:3)
  An adder skeleton (D:8)
  An adder zombie (D:9)
  2 worms
  6 giant geckos
  153 orcs
  4 giant cockroaches
  13 goblins
  12 hobgoblins
  12 jackals
  4 quokkas
  4 ball pythons
  A ball python skeleton (D:5)
  10 bats
  2 giant cockroach zombies
  A giant gecko skeleton (D:4)
  10 giant newts
  A jackal zombie (D:6)
  20 kobolds
  6 rats
  3 fungi (Lair:8)
  8 plants
825 creatures vanquished.

Vanquished Creatures (others)
  A necromancer (IceCv)
  3 river rats (Lair:6)
  30 fungi
  11 plants
  13 toadstools (Lair:8)
58 creatures vanquished.

Grand Total: 883 creatures vanquished

Notes
Turn   | Place    | Note
--------------------------------------------------------------
     0 | D:1      | KrozogBurug the Ogre Wizard began the quest for the Orb.
     0 | D:1      | Reached XP level 1. HP: 16/16 MP: 5/5
    94 | D:1      | Reached skill level 1 in Conjurations
   148 | D:1      | Reached XP level 2. HP: 3/24 MP: 0/6
  1042 | D:1      | Reached XP level 3. HP: 31/31 MP: 1/8
  1201 | D:1      | Learned a level 2 spell: Blink
  1205 | D:1      | Learned a level 3 spell: Mephitic Cloud
  1209 | D:1      | Learned a level 3 spell: Conjure Flame
  2017 | D:2      | Found a bloodstained altar of Trog.
  2020 | D:2      | Reached XP level 4. HP: 39/39 MP: 4/9
  2370 | D:2      | Found a shadowy altar of Dithmenos.
  2370 | D:2      | Found a white marble altar of Elyvilon.
  2838 | D:3      | Noticed subsebi's ghost (amateur DsCK)
  3104 | D:3      | Reached XP level 5. HP: 45/45 MP: 4/10
  3376 | D:3      | Noticed Natasha
  3466 | D:3      | Killed Natasha
  3466 | D:3      | Reached skill level 4 in Conjurations
  3896 | D:4      | Noticed Sarmenti's ghost (weakling NaSk)
  3939 | D:4      | Killed Sarmenti's ghost
  3939 | D:4      | Reached XP level 6. HP: 24/53 MP: 0/11
  4511 | D:4      | Noticed Eustachio
  4569 | D:4      | Killed Eustachio
  4569 | D:4      | Reached skill level 5 in Conjurations
  4569 | D:4      | Reached XP level 7. HP: 51/59 MP: 8/12
  5315 | D:4      | Learned a level 2 spell: Repel Missiles
  5317 | D:5      | Entered Level 5 of the Dungeon
  5645 | D:5      | Noticed Grim's ghost (novice MiGl)
  5826 | D:5      | Reached skill level 6 in Conjurations
  6250 | D:5      | Reached XP level 8. HP: 48/67 MP: 9/13
  6549 | D:3      | Noticed Natasha
  6553 | D:3      | Killed Natasha
  6609 | D:3      | Noticed Natasha
  6611 | D:3      | Killed Natasha
  6886 | D:3      | Killed subsebi's ghost
  6886 | D:3      | Reached skill level 7 in Conjurations
  7340 | D:5      | Killed Grim's ghost
  7340 | D:5      | Reached skill level 8 in Conjurations
  7704 | D:6      | Reached XP level 9. HP: 69/74 MP: 4/15
  8046 | D:6      | Gained mutation: You can spit weak poison. [mutagenic meat]
  8047 | D:6      | Gained mutation: You are resistant to hostile enchantments. [mutagenic meat]
  8048 | D:6      | Gained mutation: You evolve. [mutagenic meat]
  8197 | D:6      | Reached skill level 9 in Conjurations
  8263 | D:6      | Reached skill level 5 in Spellcasting
  8409 | D:6      | Learned a level 6 spell: Haste
  8607 | D:6      | Noticed a gargoyle
  8773 | D:6      | Gained mutation: You are partially covered in rugged brown scales (AC +1, +3% HP). [evolution]
 10633 | D:7      | Gained mutation: Your spells are a little harder to cast, but a little more powerful. [evolution]
 10990 | D:7      | Reached XP level 10. HP: 31/83 MP: 6/19
 11298 | D:7      | Reached skill level 10 in Conjurations
 11408 | D:7      | Reached skill level 1 in Maces & Flails
 11659 | D:7      | Found a staircase to the Ecumenical Temple.
 11707 | Temple   | Entered the Ecumenical Temple
 11840 | Temple   | Became a worshipper of Sif Muna the Loreminder
 12067 | D:7      | Gained mutation: Armour fits poorly on your strangely shaped body. [potion of mutation]
 12067 | D:7      | Gained mutation: Scrolls take you a little longer to read. [potion of mutation]
 13060 | D:8      | Noticed Erica
 13073 | D:8      | Killed Erica
 13073 | D:8      | Reached * piety under Sif Muna
 13144 | D:8      | Found a shimmering altar of Xom.
 13147 | D:8      | Found a shimmering altar of Xom.
 13189 | D:8      | Found a shimmering altar of Xom.
 13326 | D:8      | Found a glowing golden altar of the Shining One.
 13342 | D:8      | Lost mutation: Your spells are a little harder to cast, but a little more powerful. [mutagenic meat]
 13343 | D:8      | Gained mutation: Your flesh is heat resistant. [mutagenic meat]
 13344 | D:8      | Gained mutation: You expend magic power (3 MP) to strengthen your wands. [mutagenic meat]
 13347 | D:8      | Gained mutation: You are agile. (Dex +2) [potion of mutation]
 13348 | D:8      | Gained mutation: You are occasionally teleported next to monsters. [potion of mutation]
 13348 | D:8      | Lost mutation: You are agile. (Dex +2) [potion of mutation]
 13875 | D:9      | Lost mutation: You expend magic power (3 MP) to strengthen your wands. [potion of cure mutation]
 13875 | D:9      | Lost mutation: You can spit weak poison. [potion of cure mutation]
 13875 | D:9      | Lost mutation: You are resistant to hostile enchantments. [potion of cure mutation]
 13875 | D:9      | Lost mutation: Armour fits poorly on your strangely shaped body. [potion of cure mutation]
 13875 | D:9      | Lost mutation: You are occasionally teleported next to monsters. [potion of cure mutation]
 13875 | D:9      | Lost mutation: You are partially covered in rugged brown scales (AC +1, +3% HP). [potion of cure mutation]
 13884 | D:9      | Found a staircase to the Lair.
 14040 | D:9      | Reached skill level 5 in Maces & Flails
 14180 | D:9      | Found a blossoming altar of Fedhas.
 14268 | D:9      | Reached ** piety under Sif Muna
 14292 | D:9      | Found a shattered altar of Ashenzari.
 14575 | D:9      | Gained mutation: Potions and wands are less effective at restoring your health. [evolution]
 14980 | D:9      | Reached XP level 11. HP: 33/88 MP: 13/23
 15366 | D:10     | Entered Level 10 of the Dungeon
 15378 | D:10     | Noticed Name63's ghost (journeyman GrWz)
 15483 | D:10     | Reached skill level 11 in Conjurations
 15626 | D:10     | Noticed Fannar
 15651 | D:10     | Killed Fannar
 15651 | D:10     | Reached *** piety under Sif Muna
 17170 | D:10     | Found a staircase to the Orcish Mines.
 17922 | D:10     | Reached **** piety under Sif Muna
 18127 | D:11     | Noticed a hill giant
 18134 | D:11     | Noticed a hill giant
 18148 | D:11     | Killed a hill giant
 18154 | D:11     | Killed a hill giant
 18826 | D:10     | Reached ***** piety under Sif Muna
 18826 | D:10     | Reached skill level 12 in Conjurations
 18870 | D:10     | Reached XP level 12. HP: 36/96 MP: 15/25
 20275 | D:11     | Gained mutation: You can spit weak poison. [evolution]
 20659 | D:12     | Reached skill level 10 in Spellcasting
 21106 | D:12     | Reached skill level 1 in Charms
 22218 | D:11     | Killed an unseen horror
 22218 | D:11     | Reached ****** piety under Sif Muna
 22218 | D:11     | Received a gift from Sif Muna
 22219 | D:11     | Identified Sif Muna's Collected Works on Attacks (Sif Muna gifted it to you on level 11 of the Dungeon)
 22228 | D:11     | Learned a level 7 spell: Delayed Fireball
 22232 | D:11     | Learned a level 3 spell: Static Discharge
 22236 | D:11     | Learned a level 3 spell: Inner Flame
 22585 | D:10     | Reached skill level 10 in Maces & Flails
 22649 | Lair:1   | Entered Level 1 of the Lair of Beasts
 22687 | Lair:1   | Noticed Prince Ribbit
 22702 | Lair:1   | Reached skill level 1 in Fighting
 22787 | Lair:1   | Killed Prince Ribbit
 23006 | Lair:1   | HP: 3/101 [basilisk (8)]
 23010 | Lair:1   | Noticed PentaManta's ghost (novice MfTm)
 23498 | Lair:1   | Killed PentaManta's ghost
 25272 | Lair:2   | Reached skill level 5 in Charms
 25770 | Lair:3   | Found a labyrinth entrance.
 25779 | Lair:3   | Reached skill level 5 in Fighting
 25805 | Lab      | Entered a labyrinth
 26548 | Lab      | Noticed a minotaur
 26555 | Lab      | Killed a minotaur
 26555 | Lab      | Reached skill level 1 in Fire Magic
 26555 | Lab      | Reached XP level 13. HP: 87/119 MP: 24/27
 26598 | Lab      | Identified Iskenderun's Almanac of Arcane Weapons and Flames
 26598 | Lab      | Got a shimmering pewter ring
 26598 | Lab      | Identified the Guide on Bewitchment
 26606 | Lab      | Identified the ring "Mamouv" {rF- Str+4 Int+5} (You found it in a labyrinth)
 26682 | Lair:3   | Found a hole to the Spider Nest.
 26946 | Lair:3   | Found a staircase to the Swamp.
 27561 | Lair:4   | Found a dark tunnel.
 27571 | Volcano  | Entered a volcano
 27674 | Volcano  | Noticed Tynka's ghost (journeyman OgAK)
 27696 | Volcano  | Killed Tynka's ghost
 27749 | Volcano  | Received a gift from Sif Muna
 28811 | Lair:5   | Lost mutation: Scrolls take you a little longer to read. [evolution]
 28921 | Lair:5   | Reached skill level 5 in Fire Magic
 29884 | Lair:6   | Found a staircase to the Slime Pits.
 30752 | Lair:7   | Received a gift from Sif Muna
 30764 | Lair:7   | Identified Sif Muna's Papyrus of Freezing Confrontation (Sif Muna gifted it to you on level 7 of the Lair of Beasts)
 30958 | Lair:7   | Reached XP level 14. HP: 127/141 MP: 28/28
 31033 | Lair:7   | Learned a level 4 spell: Iskenderun's Mystic Blast
 31375 | Lair:7   | Reached skill level 10 in Fighting
 31789 | Lair:8   | Entered Level 8 of the Lair of Beasts
 32231 | Lair:8   | Found a blossoming altar of Fedhas.
 33399 | Lair:8   | Received a gift from Sif Muna
 33400 | Lair:8   | Identified Sif Muna's Disquisition on Creative Boosts (Sif Muna gifted it to you on level 8 of the Lair of Beasts)
 34101 | Orc:1    | Entered Level 1 of the Orcish Mines
 34468 | Orc:2    | Found Besmar's Distillery.
 34969 | Orc:2    | Reached skill level 5 in Dodging
 35503 | Orc:3    | Found a staircase to the Elven Halls.
 35693 | Orc:3    | Found a frozen archway.
 35714 | IceCv    | Entered an ice cave
 36549 | IceCv    | Reached XP level 15. HP: 145/149 MP: 14/29
 37194 | Orc:4    | Entered Level 4 of the Orcish Mines
 37380 | Orc:3    | Reached skill level 10 in Fire Magic
 37902 | Orc:4    | Found Xiven's General Store.
 38008 | Orc:4    | Bought a scroll of identify for 28 gold pieces
 38008 | Orc:4    | Bought a scroll of identify for 28 gold pieces
 38008 | Orc:4    | Bought a potion of heal wounds for 70 gold pieces
 38017 | Orc:4    | Bought a scroll of teleportation for 42 gold pieces
 38017 | Orc:4    | Bought a scroll of magic mapping for 49 gold pieces
 38031 | Orc:4    | Found Pups's Antique Armour Boutique.
 38053 | Orc:4    | Found Jirucora's Antique Weapon Shop.
 38163 | Orc:4    | Found Xorov's Jewellery Emporium.
 38192 | Orc:4    | Received a gift from Sif Muna
 38197 | Orc:4    | Identified Cocsice's Collected Works on Combat Magic (Sif Muna gifted it to you on level 4 of the Orcish Mines)
 38205 | Orc:4    | Learned a level 6 spell: Conjure Ball Lightning
 38442 | Elf:1    | Entered Level 1 of the Elven Halls
 38488 | Elf:1    | HP: 6/149 [something (2)]
 38489 | Elf:1    | Shot with an arrow by something

Action                   |  1- 3 |  4- 6 |  7- 9 | 10-12 | 13-15 || total
-------------------------+-------+-------+-------+-------+-------++-------
Melee: Unarmed           |    67 |    20 |       |       |       ||    87
       Dagger            |       |   160 |    77 |       |       ||   237
       Flail             |       |       |   138 |       |       ||   138
       Halberd           |       |       |    64 |    16 |       ||    80
       Trident           |       |       |       |   468 |       ||   468
       Demon trident     |       |       |       |   553 |  1510 ||  2063
Throw: Throwing net      |       |       |       |       |     2 ||     2
 Cast: Magic Dart        |    83 |   112 |   301 |   339 |       ||   835
       Conjure Flame     |       |     3 |    18 |   103 |    58 ||   182
       Blink             |       |     1 |     6 |    30 |    13 ||    50
       Mephitic Cloud    |       |     4 |     4 |    14 |     1 ||    23
       Static Discharge  |       |       |       |     4 |    23 ||    27
       Inner Flame       |       |       |       |       |    27 ||    27
       Iskenderun's Myst |       |       |       |       |   134 ||   134
       Repel Missiles    |       |       |       |       |     1 ||     1
Invok: Forget Spell      |       |       |       |       |     2 ||     2
Evoke: Wand              |       |       |     3 |    10 |    22 ||    35
  Use: Scroll            |     1 |     5 |     4 |    14 |    18 ||    42
       Potion            |       |       |     1 |    11 |     1 ||    13
 Stab: Sleeping          |       |     2 |       |     1 |     3 ||     6
       Confused          |       |     1 |     1 |     1 |       ||     3
       Distracted        |       |       |       |       |     2 ||     2
  Eat: Chunk             |     3 |     9 |    18 |    38 |    29 ||    97
       Fruit             |       |       |     3 |       |     5 ||     8
       Bread ration      |       |       |     1 |     4 |     2 ||     7
       Pizza             |       |       |       |     2 |       ||     2
